[Event "Titled Tuesday Blitz March 07 Late 2023"]
[White "Paszewski, Mateusz"]
[Black "Hoffmann, Asa"]
[WhiteFideId "1141058"]
[BlackFideId "2001470"]
[WhiteElo "2223"]
[BlackElo "2117"]
[Result "1-0"]
[Round "10"]
[TimeControl "180+2"]
[Date "2023.03.07"]
[WhiteClock "0:00:27"]
[BlackClock "0:00:32"]

1. d4 Nf6 2. c4 c5 3. d5 e5 4. Nc3 d6 5. e4 Be7 6. Be2 Nbd7 7. Nf3 Nf8 8. h4 h6 9. h5 N6h7 10. Be3 a6 11. Nh2 Bg5 12. Qd2 Bxe3 13. Qxe3 Qg5 14. Qxg5 Nxg5 15. Bg4 Nd7 16. g3 Nf6 17. Bxc8 Rxc8 18. f3 Nxh5 19. Kf2 Nf6 20. Ke3 Rb8 21. f4 Ngh7 22. fxe5 dxe5 23. Rab1 Nd7 24. Nf3 Nhf6 25. b4 O-O 26. Nh4 cxb4 27. Rxb4 Nc5 28. Nf5 Rfe8 29. Rb6 Nfd7 30. Rb2 Nf8 31. g4 Ng6 32. g5 hxg5 33. Rbh2 Nh4 34. Nxh4 gxh4 35. Rxh4 g6 36. d6 Kg7 37. Rh7+ Kf6 38. Nd5+ Ke6 39. Nc7+ Kxd6 40. Nxe8+ Rxe8 41. Rxf7 Ne6 42. Rxb7 Nd4 43. Rb6+ Kc5 44. Rxa6 Rf8 45. Ra5+ Kxc4 46. Rc1+ Kb4 47. Rxe5 Nf3 48. Rf1 Nxe5 49. Rxf8 Nc4+ 50. Kd4 Nd2 51. Rb8+ Ka3 52. e5 g5 53. e6 Nf3+ 54. Kd5 1-0


[Site "https://www.chess.com"]

[Event "Titled Tuesday Blitz March 07 Late 2023"]
[White "Meunier-Pion, Jean"]
[Black "Janaszak, Dawid"]
[WhiteFideId "20685327"]
[BlackFideId "1119206"]
[WhiteElo "2124"]
[BlackElo "2220"]
[Result "1-0"]
[Round "10"]
[TimeControl "180+2"]
[Date "2023.03.07"]
[WhiteClock "0:00:13"]
[BlackClock "0:00:24"]

1. e4 e5 2. Nf3 Nc6 3. Bb5 d6 4. d4 exd4 5. Nxd4 Bd7 6. Bxc6 bxc6 7. O-O Nf6 8. Nc3 Be7 9. f4 O-O 10. e5 Nd5 11. Bd2 dxe5 12. fxe5 Bc5 13. Ne2 Rb8 14. Kh1 Rxb2 15. Nb3 Bg4 16. Nxc5 Bxe2 17. Qxe2 Rxc2 18. Ne4 Qe7 19. Qd3 Rb2 20. Rae1 Qh4 21. e6 f6 22. e7 Nxe7 23. Qa3 Rc2 24. Qxe7 Rxa2 25. Qe6+ Kh8 26. Qxa2 h6 27. Qe6 Qh5 28. Ng3 Qb5 29. Qe7 Rb8 30. Nf5 Rg8 31. Bxh6 gxh6 32. Qxf6+ Kh7 33. Re7+ 1-0


[Site "https://www.chess.com"]

[Event "Titled Tuesday Blitz March 07 Late 2023"]
[White "Jovic, Stanoje"]
[Black "Do Nascimento,Christian Almeida"]
[WhiteFideId "905020"]
[BlackFideId "2143801"]
[WhiteElo "2236"]
[BlackElo "2125"]
[Result "1-0"]
[Round "10"]
[TimeControl "180+2"]
[Date "2023.03.07"]
[WhiteClock "0:00:23"]
[BlackClock "0:00:08"]

1. c4 e5 2. g3 Nc6 3. Bg2 f5 4. Nc3 Nf6 5. Nf3 Bc5 6. O-O d6 7. e3 O-O 8. d4 exd4 9. exd4 Bb6 10. Re1 f4 11. Bxf4 Bg4 12. h3 Bxf3 13. Bxf3 Nxd4 14. Bg2 Qd7 15. b4 c5 16. bxc5 dxc5 17. Nd5 Nxd5 18. cxd5 Rae8 19. Qd3 Ba5 20. Re5 Rxe5 21. Bxe5 Qf5 22. Qxf5 Rxf5 23. f4 b5 24. d6 Rf8 25. Bd5+ Kh8 26. Kf2 Bb6 27. Bxd4 cxd4 28. d7 Rd8 29. Bc6 a6 30. f5 Kg8 31. Kf3 Kf7 32. Re1 Kf6 33. g4 Ba5 34. Re6+ Kf7 35. Bd5 Kf8 36. Rxa6 Rxd7 37. Be6 Rd8 38. Rxa5 d3 39. Bb3 d2 40. Bd1 Rd5 41. Ra7 Ke8 42. Rc7 Kd8 43. Rc2 Rd3+ 44. Ke2 Rxh3 45. Rxd2+ Kc7 46. Bb3 Rh2+ 47. Kd3 Rh3+ 48. Ke4 Rg3 49. Rc2+ Kd6 50. Kf4 Rd3 51. Re2 h5 52. Re6+ Kc5 53. gxh5 Rh3 54. h6 Rh1 55. hxg7 Rf1+ 56. Ke5 Rg1 57. Kf6 Rxg7 58. Re8 Re7 59. Rxe7 1-0


[Site "https://www.chess.com"]

[Event "Titled Tuesday Blitz March 07 Late 2023"]
[White "Reprintsev, Alexander"]
[Black "Gerbelli Neto, Eduardo"]
[WhiteFideId "14100541"]
[BlackFideId "2103281"]
[WhiteElo "2229"]
[BlackElo "2178"]
[Result "1-0"]
[Round "10"]
[TimeControl "180+2"]
[Date "2023.03.07"]
[WhiteClock "0:00:52"]
[BlackClock "0:00:40"]

1. e4 e5 2. Nf3 Nc6 3. Bc4 Nf6 4. Ng5 d5 5. exd5 Nd4 6. c3 b5 7. Bf1 Nxd5 8. Ne4 Ne6 9. Bxb5+ Bd7 10. Qa4 f5 11. Bxd7+ Qxd7 12. Qxd7+ Kxd7 13. Ng3 g6 14. d3 Nc5 15. Ke2 Nf4+ 16. Bxf4 exf4 17. Nf1 Re8+ 18. Kd2 Bh6 19. f3 Re6 20. Kc2 Re2+ 21. Nbd2 Rxg2 22. Re1 Re8 23. Rxe8 Kxe8 24. d4 Nd7 25. Kd3 Nf6 26. c4 Kd7 27. h4 Nh5 28. Rh2 Rg1 29. b4 Ng3 30. Rf2 Rh1 31. a4 Rxh4 32. b5 g5 33. c5 g4 34. c6+ Kc8 35. a5 Rh3 36. Kc4 Nxf1 37. Rxf1 g3 38. Kd5 Rh2 39. Nc4 Bg7 40. Ne5 Rf2 41. Rg1 g2 42. Nc4 h5 43. b6 cxb6 44. axb6 axb6 45. Kd6 Bf8+ 46. Ke6 Kc7 47. d5 h4 48. Ra1 Rf1 49. Ra7+ Kb8 50. Rb7+ Kc8 51. Nxb6+ Kd8 52. c7+ 1-0


[Site "https://www.chess.com"]

[Event "Titled Tuesday Blitz March 07 Late 2023"]
[White "Bach, Matthias"]
[Black "Kokoszczynski, Jan"]
[WhiteFideId "4603168"]
[BlackFideId "1174460"]
[WhiteElo "2165"]
[BlackElo "2139"]
[Result "0-1"]
[Round "10"]
[TimeControl "180+2"]
[Date "2023.03.07"]
[WhiteClock "0:00:07"]
[BlackClock "0:00:11"]

1. d4 d5 2. c4 e6 3. Nf3 a6 4. g3 dxc4 5. Bg2 b5 6. Ne5 c6 7. O-O Bb7 8. b3 cxb3 9. axb3 Nf6 10. Bd2 Qxd4 11. Bc3 Qxd1 12. Rxd1 Nd5 13. Ba5 Be7 14. e4 Nf6 15. Nd2 Nbd7 16. Nxd7 Nxd7 17. Nf3 Bd8 18. Bc3 Bf6 19. e5 Be7 20. Nd4 Rc8 21. b4 Nb6 22. Nb3 Nd5 23. Bd2 O-O 24. Na5 Ba8 25. Bxd5 cxd5 26. Rac1 f6 27. Bf4 Kf7 28. Kf1 Bxb4 29. Nb3 Rc4 30. Ra1 Bb7 31. Nd4 Bc3 32. Nf3 Bxa1 33. Rxa1 Rfc8 34. Ke2 b4 35. Nd2 Rc2 36. Rb1 a5 37. Kd1 Ba6 38. Nb3 Rxf2 39. Nxa5 Rf1+ 40. Kd2 Rxb1 0-1


[Site "https://www.chess.com"]

[Event "Titled Tuesday Blitz March 07 Late 2023"]
[White "Botez, Alexandra"]
[Black "Sokac, Marko"]
[WhiteFideId "2603365"]
[BlackFideId "14531356"]
[WhiteElo "2059"]
[BlackElo "2355"]
[Result "0-1"]
[Round "10"]
[TimeControl "180+2"]
[Date "2023.03.07"]
[WhiteClock "0:00:02"]
[BlackClock "0:00:35"]

1. d4 Nf6 2. c4 e5 3. dxe5 Ng4 4. e3 Nxe5 5. Nc3 Nbc6 6. f4 Ng6 7. Bd3 d6 8. Qf3 Be7 9. Nge2 Bh4+ 10. Ng3 Nce7 11. O-O c6 12. b3 Bxg3 13. hxg3 h5 14. Bb2 Bg4 15. Qf2 Qd7 16. e4 h4 17. gxh4 Nxh4 18. Be2 b6 19. e5 Bxe2 20. Nxe2 d5 21. cxd5 Nxd5 22. Nd4 O-O-O 23. Nxc6 Qg4 24. Rac1 Nxf4 25. Nxa7+ Kb7 26. Qxf4 Qxg2# 0-1


[Site "https://www.chess.com"]

[Event "Titled Tuesday Blitz March 07 Late 2023"]
[White "Eggleston, Thomas A"]
[Black "Vlassov, Nikolai"]
[WhiteFideId "412139"]
[BlackFideId "4103360"]
[WhiteElo "2155"]
[BlackElo "2324"]
[Result "0-1"]
[Round "10"]
[TimeControl "180+2"]
[Date "2023.03.07"]
[WhiteClock "0:00:02"]
[BlackClock "0:00:28"]

1. e4 c5 2. Nf3 d6 3. Bc4 e6 4. O-O Nf6 5. d3 Be7 6. Bb3 O-O 7. c3 Nc6 8. Nbd2 b5 9. a4 b4 10. Re1 Rb8 11. d4 bxc3 12. bxc3 cxd4 13. cxd4 Nb4 14. Ba3 Ba6 15. Re3 Qa5 16. Nc4 Qh5 17. h3 Rfc8 18. Rc1 d5 19. exd5 Nfxd5 20. Re5 Qh6 21. Ne3 Nd3 22. Rxc8+ Rxc8 23. Nxd5 Bxa3 24. Bc2 Nxe5 25. dxe5 exd5 26. h4 Qc1 27. Qxc1 Bxc1 28. Bb3 Bc4 29. Bd1 Bb2 30. Kh2 d4 31. Ng5 d3 32. Ne4 Bxe5+ 33. g3 Bd5 34. Nd2 Bc3 35. Nb1 Bb4 0-1


[Site "https://www.chess.com"]

[Event "Titled Tuesday Blitz March 07 Late 2023"]
[White "Goltseva, Ekaterina"]
[Black "Kretchetov, Alexandre"]
[WhiteFideId "24173770"]
[BlackFideId "4124588"]
[WhiteElo "2200"]
[BlackElo "2527"]
[Result "1/2-1/2"]
[Round "10"]
[TimeControl "180+2"]
[Date "2023.03.07"]
[WhiteClock "0:00:06"]
[BlackClock "0:00:37"]

1. d4 d5 2. Nf3 Nf6 3. g3 e6 4. Bg2 b5 5. a4 b4 6. O-O Bb7 7. c3 bxc3 8. Nxc3 Nbd7 9. a5 a6 10. Na4 c5 11. dxc5 Nxc5 12. Nb6 Rb8 13. b4 Nce4 14. Bb2 Bd6 15. Qa4+ Ke7 16. Nd4 Qe8 17. Qa3 Nd7 18. Rfc1 Nxb6 19. axb6 Qd7 20. Qa5 Rhc8 21. b5 Ra8 22. Rxc8 Qxc8 23. Qe1 axb5 24. Nxb5 Rxa1 25. Qxa1 Bc5 26. e3 f6 27. Bxe4 dxe4 28. Ba3 Kf7 29. Qc3 Qd7 30. Qxc5 Qd1+ 31. Kg2 Qf3+ 32. Kh3 e5 33. Nd6+ Kg6 34. Nxb7 Qh5+ 35. Kg2 Qf3+ 36. Kg1 Qd1+ 37. Kg2 Qf3+ 38. Kf1 Qd1+ 39. Kg2 Qf3+ 1/2-1/2


[Site "https://www.chess.com"]

[Event "Titled Tuesday Blitz March 07 Late 2023"]
[White "Becerra, Juan David"]
[Black "reevecanada"]
[WhiteFideId "4404998"]
[WhiteElo "2282"]
[BlackElo "2524"]
[Result "1-0"]
[Round "10"]
[TimeControl "180+2"]
[Date "2023.03.07"]
[WhiteClock "0:00:06"]
[BlackClock "0:00:39"]

1. e4 c5 2. d4 cxd4 3. c3 dxc3 4. Nxc3 d6 5. Bc4 Nf6 6. e5 Nfd7 7. Bxf7+ Kxf7 8. e6+ Kxe6 9. Qd5+ Kf6 10. Ne4+ Kg6 11. h4 h5 12. Ne2 e5 13. g4 hxg4 14. h5+ Rxh5 15. Nf4+ Kf5 16. Rxh5+ g5 17. Rxg5+ Qxg5 18. Nxg5 Nf6 19. Qf7 exf4 20. Qxf8 Nd7 21. Qg7 Ne5 22. Bd2 Nd3+ 23. Kf1 Bd7 24. Bc3 Ne5 25. Bxe5 dxe5 26. Nh7 Bb5+ 27. Kg1 Nd7 28. Qf7+ Ke4 29. Re1+ Kd4 30. Rd1+ Kc5 31. Rxd7 Bxd7 32. Qxd7 Rg8 33. Qe7+ Kd4 34. Qd6+ Ke4 35. Nf6+ Kf5 36. Nxg8 g3 37. f3 Kg5 38. Qf6+ Kh5 39. Qh6# 1-0


[Site "https://www.chess.com"]

[Event "Titled Tuesday Blitz March 07 Late 2023"]
[White "Moral Garcia, Serafin"]
[Black "Yeritsyan, Hayk"]
[WhiteFideId "2201925"]
[BlackFideId "13307320"]
[WhiteElo "2254"]
[BlackElo "2456"]
[Result "1-0"]
[Round "10"]
[TimeControl "180+2"]
[Date "2023.03.07"]
[WhiteClock "0:00:18"]
[BlackClock "0:00:03"]

1. Nf3 d5 2. b3 Nf6 3. Bb2 Bf5 4. Nh4 Bg6 5. Nxg6 hxg6 6. e3 e6 7. d3 Bd6 8. h3 g5 9. Be2 Nbd7 10. Nd2 c6 11. c4 Qe7 12. a3 Be5 13. d4 Bd6 14. Bf3 Rh4 15. g3 Rh6 16. e4 e5 17. Kf1 dxe4 18. Nxe4 Nxe4 19. Bxe4 exd4 20. Bf3 Be5 21. Kg2 O-O-O 22. Re1 Qd6 23. b4 Kb8 24. c5 Qc7 25. Bxd4 f6 26. Bxe5 Nxe5 27. Qe2 Rdh8 28. Rh1 a6 29. Rad1 Qc8 30. Bg4 Qc7 31. Rd6 Qe7 32. f4 gxf4 33. gxf4 Ng6 34. Qxe7 Nxe7 35. Re1 Nd5 36. Kg3 g6 37. Ree6 f5 38. Bxf5 Rh4 39. Bg4 R4h7 40. Rxg6 Re8 41. Rge6 Rf8 42. f5 Rhf7 43. h4 Nf6 44. h5 Rg8 45. Rxf6 Rxf6 46. Rxf6 Rxg4+ 47. Kxg4 1-0


[Site "https://www.chess.com"]

[Event "Titled Tuesday Blitz March 07 Late 2023"]
[White "Elissalt Cardenas, Hector"]
[Black "Molenda, Marcin"]
[WhiteFideId "3500632"]
[BlackFideId "1173065"]
[WhiteElo "2202"]
[BlackElo "2286"]
[Result "0-1"]
[Round "10"]
[TimeControl "180+2"]
[Date "2023.03.07"]
[WhiteClock "0:00:03"]
[BlackClock "0:00:28"]

1. d4 d5 2. c4 c6 3. cxd5 cxd5 4. Bf4 Nc6 5. e3 Nf6 6. Bb5 Ne4 7. Ne2 Bf5 8. f3 Nd6 9. Bxc6+ bxc6 10. O-O e6 11. Nd2 Be7 12. Rc1 Rc8 13. Nc3 O-O 14. Qe2 c5 15. dxc5 Rxc5 16. e4 dxe4 17. Ndxe4 Nxe4 18. fxe4 Bg6 19. Rfd1 Qc8 20. Bd6 Bxd6 21. Rxd6 Qb7 22. Rcd1 h6 23. R1d4 Rb8 24. Rd2 Kh7 25. h3 Rg5 26. Rd7 Qb6+ 27. Qf2 Rc5 28. Kh2 Rbc8 29. Qg3 Rg5 30. Qd6 Qa5 31. Qd4 h5 32. b4 Qa3 33. Ne2 h4 0-1


[Site "https://www.chess.com"]

[Event "Titled Tuesday Blitz March 07 Late 2023"]
[White "Graif, William"]
[Black "Yano, William Jorge Froes"]
[WhiteFideId "2609835"]
[BlackFideId "2112949"]
[WhiteElo "2205"]
[BlackElo "2122"]
[Result "1-0"]
[Round "10"]
[TimeControl "180+2"]
[Date "2023.03.07"]
[WhiteClock "0:00:08"]
[BlackClock "0:00:11"]

1. e4 e6 2. d4 d5 3. Be3 Nf6 4. e5 Nfd7 5. c3 c5 6. Nd2 Nc6 7. a3 f6 8. Bd3 f5 9. Ngf3 Be7 10. h4 O-O 11. Ng5 Bxg5 12. hxg5 g6 13. f4 cxd4 14. cxd4 Qb6 15. b4 Ncxe5 16. fxe5 Nxe5 17. Be2 Nf7 18. Nf3 Bd7 19. Rc1 Rac8 20. Rxc8 Rxc8 21. Qd2 Ba4 22. Bd3 Nd6 23. Qf2 Ne4 24. Bxe4 dxe4 25. Ne5 Rc3 26. Bd2 Rc2 27. Qh4 Qc7 28. Nxg6 Rxd2 29. Kxd2 Qc2+ 30. Ke1 Qd1+ 31. Kf2 Qd2+ 32. Kg1 Qxd4+ 33. Kh2 hxg6 34. Qh6 Qg7 35. Qxg7+ Kxg7 36. Kg3 Bc6 37. Rd1 e5 38. Rd8 f4+ 39. Kf2 e3+ 40. Kf1 Kf7 41. b5 Bxb5+ 42. Ke1 Bc6 43. Rd6 e4 44. Rf6+ Kg7 45. Rxf4 a5 46. Ke2 a4 47. Kxe3 Kg8 48. Rf6 Kg7 49. Kd4 Kg8 50. Ke5 Kg7 51. Rd6 Kf7 52. Rd1 Ke7 53. Re1 Kd7 54. Rh1 Kc7 55. Rh7+ Kb6 56. Rg7 e3 57. Re7 Bxg2 58. Kf6 Bc6 59. Kxg6 Kc5 60. Rxe3 b5 61. Kf6 b4 62. axb4+ Kxb4 63. g6 Bb5 64. g7 a3 65. g8=Q Bc4 66. Re4 a2 67. Qxc4+ Ka3 68. Re3+ Kb2 69. Qc3+ Kb1 70. Re1# 1-0


[Site "https://www.chess.com"]

[Event "Titled Tuesday Blitz March 07 Late 2023"]
[White "Harriott, Tyrell"]
[Black "ArchibaldCerveza29"]
[WhiteFideId "2086484"]
[WhiteElo "2107"]
[BlackElo "2484"]
[Result "1/2-1/2"]
[Round "10"]
[TimeControl "180+2"]
[Date "2023.03.07"]
[WhiteClock "0:00:04"]
[BlackClock "0:00:06"]

1. d4 d5 2. e3 Nf6 3. Bd3 c5 4. c3 Nc6 5. f4 Bg4 6. Ne2 e6 7. Nd2 Be7 8. O-O O-O 9. Nf3 Ne4 10. Bxe4 dxe4 11. Ne5 Bxe2 12. Qxe2 Rc8 13. Qc2 cxd4 14. Nxc6 Rxc6 15. Qxe4 dxc3 16. bxc3 Rxc3 17. Qxb7 Bf6 18. Bb2 Rc7 19. Bxf6 Rxb7 20. Bxd8 Rxd8 21. Rad1 Rxd1 22. Rxd1 Kf8 23. Rd2 Ke7 24. Kf2 e5 25. Kf3 Rb4 26. Rc2 e4+ 27. Kg4 Ra4 28. f5 Kf6 29. Kf4 g5+ 30. fxg6 hxg6 31. h4 Ke6 32. g4 f6 33. h5 gxh5 34. gxh5 Ra5 35. Rh2 Kf7 36. h6 Kg8 37. h7+ Kh8 38. Kxe4 Re5+ 39. Kd4 Ra5 40. Kc4 Re5 41. Kd4 Ra5 42. Ke4 Re5+ 43. Kf4 Ra5 44. e4 Re5 45. Rh6 Ra5 46. Rh2 Re5 47. Rh3 Ra5 48. a3 Re5 49. Rb3 Ra5 50. Rh3 Re5 51. a4 Ra5 52. Rh4 Rxa4 53. Kf5 Ra1 54. Kxf6 a5 55. e5 a4 56. e6 Rf1+ 57. Ke7 a3 58. Ra4 Rf3 59. Ke8 Kxh7 60. e7 Kg7 61. Kd8 Rd3+ 62. Ke8 Re3 63. Rg4+ Kh7 64. Rg2 Kh6 65. Kf7 Rf3+ 66. Ke6 Re3+ 67. Kd6 Rd3+ 68. Ke6 Re3+ 69. Kf7 Rf3+ 70. Ke8 Re3 71. Rg4 Kh5 72. Ra4 Kg6 73. Rg4+ Kh5 74. Rf4 Kg5 75. Rf2 Kg6 76. Kd7 Rd3+ 77. Ke6 Re3+ 78. Kd6 Rd3+ 79. Kc7 Rc3+ 80. Kd8 Rd3+ 81. Ke8 Re3 82. Rf4 Kg5 83. Ra4 Kg6 84. Ra6+ Kg7 85. Ra4 Kg6 1/2-1/2


[Site "https://www.chess.com"]

[Event "Titled Tuesday Blitz March 07 Late 2023"]
[White "Melikhov, Evgeny V."]
[Black "Erzhanov, Arman"]
[WhiteFideId "4122046"]
[BlackFideId "4138821"]
[WhiteElo "2158"]
[BlackElo "2138"]
[Result "0-1"]
[Round "10"]
[TimeControl "180+2"]
[Date "2023.03.07"]
[WhiteClock "0:00:01"]
[BlackClock "0:00:19"]

1. d4 d6 2. e4 Nf6 3. Bd3 c6 4. c4 e5 5. d5 cxd5 6. cxd5 Be7 7. Nc3 O-O 8. f3 Nh5 9. Nge2 a6 10. Be3 Bg5 11. Qd2 Bxe3 12. Qxe3 b5 13. O-O Nd7 14. b4 Nb6 15. a4 bxa4 16. Nxa4 Nxa4 17. Rxa4 Rb8 18. Bxa6 Bxa6 19. Rxa6 Rxb4 20. Rc1 Qb8 21. Qa7 Qb5 22. Nc3 Qd3 23. Rxd6 Rb2 24. Kh1 Qd2 25. Rg1 Qxc3 26. Qe7 Nf4 27. Rd8 Ng6 28. Rxf8+ Nxf8 29. d6 Qd4 30. Rc1 Rd2 31. h3 Qxd6 32. Qa7 Qg6 33. Rg1 Qg3 34. Qe3 Qf2 35. Qg5 Qd4 36. Qg4 h6 37. Qc8 Qd6 38. Qf5 g6 39. Qg4 Kg7 40. Qh4 Ne6 41. Qg3 Nf4 42. Kh2 Qd4 43. h4 Qf2 44. Qxf2 Rxf2 45. Kg3 Rc2 46. Re1 Rxg2# 0-1


[Site "https://www.chess.com"]

[Event "Titled Tuesday Blitz March 07 Late 2023"]
[White "Prydun, Andriy"]
[Black "Hjartarson, Johann"]
[WhiteFideId "14145898"]
[BlackFideId "2300044"]
[WhiteElo "2164"]
[BlackElo "2416"]
[Result "0-1"]
[Round "10"]
[TimeControl "180+2"]
[Date "2023.03.07"]
[WhiteClock "0:00:01"]
[BlackClock "0:00:41"]

1. Na3 d5 2. c3 e5 3. Nc2 Nf6 4. d4 Nbd7 5. Nf3 Bd6 6. Ne3 e4 7. Ng1 c6 8. Nh3 Nf8 9. g3 Ng6 10. a4 O-O 11. a5 Bd7 12. b4 h6 13. Ng1 b6 14. h4 Bc7 15. a6 Bd6 16. Bh3 Re8 17. Bxd7 Qxd7 18. Nh3 Rad8 19. Ng2 c5 20. bxc5 bxc5 21. Be3 cxd4 22. Bxd4 Be5 23. Nhf4 Nxf4 24. Nxf4 Qf5 25. Bxe5 Qxe5 26. Qd4 e3 27. f3 Qxd4 28. cxd4 Rb8 29. O-O Rec8 30. Rfc1 Rc4 31. Rxc4 dxc4 32. Rc1 Rc8 33. Rc3 g5 34. hxg5 hxg5 35. Ng2 Nd5 36. Rc1 c3 37. Ne1 Rc6 38. Nc2 Rxa6 39. Kf1 Ra2 40. Kg2 a5 41. Kh3 Nb4 42. Nxe3 Rxe2 43. Nf5 c2 44. Kg4 Nd3 45. Ra1 c1=Q 0-1


[Site "https://www.chess.com"]

[Event "Titled Tuesday Blitz March 07 Late 2023"]
[White "mohsengabr2002"]
[Black "Leiva, Gianmarco"]
[BlackFideId "3804399"]
[WhiteElo "2338"]
[BlackElo "2345"]
[Result "0-1"]
[Round "10"]
[TimeControl "180+2"]
[Date "2023.03.07"]
[WhiteClock "0:01:13"]
[BlackClock "0:00:50"]

1. b3 d5 2. e3 Nf6 3. Bb2 Bf5 4. Nf3 e6 5. Ne5 h6 6. g4 Be4 7. f3 Nfd7 8. fxe4 Qh4+ 9. Ke2 Nxe5 10. Bxe5 Qxg4+ 11. Ke1 Qxe4 12. Bxc7 Qxh1 13. Qe2 Kd7 14. Bg3 a6 15. Nc3 Ba3 16. Qg4 Nc6 17. Ke2 Bb2 18. Rd1 Bxc3 19. dxc3 Ke7 20. Bg2 Qxg2+ 0-1


[Site "https://www.chess.com"]

[Event "Titled Tuesday Blitz March 07 Late 2023"]
[White "Ismagilov, Damir"]
[Black "Pino Perez, Lazaro"]
[WhiteFideId "34199982"]
[BlackFideId "3517055"]
[WhiteElo "2078"]
[BlackElo "2170"]
[Result "1/2-1/2"]
[Round "10"]
[TimeControl "180+2"]
[Date "2023.03.07"]
[WhiteClock "0:00:24"]
[BlackClock "0:00:40"]

1. d4 d5 2. Bf4 Nf6 3. e3 e6 4. Nd2 Bd6 5. Bg3 O-O 6. Bd3 c5 7. c3 Qc7 8. f4 b6 9. Qe2 a5 10. Ngf3 Ba6 11. O-O Ne4 12. Bxa6 Nxg3 13. hxg3 Nxa6 14. e4 dxe4 15. Nxe4 Be7 16. dxc5 Nxc5 17. Rad1 Rad8 18. Nxc5 Qxc5+ 19. Qf2 Qc4 20. a3 Bc5 21. Nd4 Rd5 22. Rd2 Rfd8 23. Rfd1 e5 24. fxe5 Rxe5 25. b4 axb4 26. cxb4 Bxd4 27. Rxd4 Rxd4 28. Qxd4 Re1+ 29. Kh2 Qxd4 30. Rxd4 g6 31. Rd8+ Kg7 32. Ra8 h5 33. a4 Rb1 34. b5 Ra1 35. Ra6 Ra3 36. Ra7 Kf6 37. Rb7 Rxa4 38. Rxb6+ Kg5 39. Rc6 Rb4 40. Rc5+ f5 41. Rd5 Rb3 42. Rc5 Rb4 43. Rd5 Kg4 44. Rd6 Kg5 45. Rd5 1/2-1/2


[Site "https://www.chess.com"]

[Event "Titled Tuesday Blitz March 07 Late 2023"]
[White "Figorito, Nick"]
[Black "Sokolin, Leonid"]
[WhiteFideId "30923689"]
[BlackFideId "2009161"]
[WhiteElo "2392"]
[BlackElo "2394"]
[Result "0-1"]
[Round "10"]
[TimeControl "180+2"]
[Date "2023.03.07"]
[WhiteClock "0:00:51"]
[BlackClock "0:01:08"]

1. Nf3 Nf6 2. g3 e6 3. Bg2 d5 4. O-O Be7 5. d4 O-O 6. Nbd2 c5 7. c4 cxd4 8. Nxd4 e5 9. N4f3 Nc6 10. cxd5 Nxd5 11. Nc4 e4 12. Ne1 f5 13. Nc2 Ndb4 14. Nxb4 Qxd1 15. Rxd1 Nxb4 16. Be3 Be6 17. Rac1 Nxa2 18. Rc2 Rfd8 19. Ra1 Nb4 20. Rcc1 b6 21. Bd2 Rab8 22. Bxb4 Bxb4 23. Rxa7 Rdc8 24. Ra4 Bf8 25. b3 b5 26. Ra6 Bf7 27. e3 bxc4 28. bxc4 Rxc4 29. Raa1 Rxc1+ 30. Rxc1 Ba2 31. h4 Rb1 32. Rxb1 Bxb1 33. Bf1 Bd3 34. Bh3 g6 35. h5 Be2 36. hxg6 hxg6 37. Bg2 Bd6 38. Kh2 Kf7 39. Kh3 Ke6 40. Kh4 Be7+ 41. Kh3 Ke5 42. Kh2 Kd5 43. Kg1 Kc4 44. Bh3 Kd3 45. Bg2 Kd2 46. Bh3 Ke1 47. Bg2 Bc5 48. Bh3 Kd2 49. Bg2 Bxe3 50. fxe3 Kxe3 51. Bh3 Kd2 52. Kf2 e3+ 53. Kg2 Bd3 54. Kf3 e2 0-1


[Site "https://www.chess.com"]

[Event "Titled Tuesday Blitz March 07 Late 2023"]
[White "Kochetov, Andrey"]
[Black "Davidson, Kevin"]
[WhiteFideId "24130532"]
[BlackFideId "2056810"]
[WhiteElo "2508"]
[BlackElo "2151"]
[Result "0-1"]
[Round "10"]
[TimeControl "180+2"]
[Date "2023.03.07"]
[WhiteClock "0:00:01"]
[BlackClock "0:00:10"]

1. g4 d5 2. Bg2 Bxg4 3. c4 c6 4. Qb3 Qc7 5. cxd5 e5 6. Nc3 Nf6 7. d3 Be7 8. Bg5 Nbd7 9. dxc6 bxc6 10. Nf3 Rb8 11. Qc2 O-O 12. Nd2 h6 13. Bh4 Rfe8 14. Bg3 Bf8 15. O-O g6 16. Nc4 Bg7 17. Qa4 Rec8 18. d4 Nh5 19. Bxe5 Nxe5 20. dxe5 Be6 21. Nd6 Rd8 22. Qxc6 Qxc6 23. Bxc6 Bxe5 24. Nde4 Rxb2 25. Rac1 Nf4 26. e3 Nd3 27. Rb1 f5 0-1


[Site "https://www.chess.com"]

[Event "Titled Tuesday Blitz March 07 Late 2023"]
[White "Romkachess"]
[Black "Rego, Pedro Filipe"]
[BlackFideId "1904310"]
[WhiteElo "2483"]
[BlackElo "2193"]
[Result "1-0"]
[Round "10"]
[TimeControl "180+2"]
[Date "2023.03.07"]
[WhiteClock "0:00:04"]
[BlackClock "0:00:02"]

1. e4 e6 2. d4 d5 3. Nc3 Nf6 4. Bg5 dxe4 5. Nxe4 Be7 6. Bxf6 gxf6 7. Nc3 a6 8. g3 c5 9. d5 Qb6 10. Rb1 Nd7 11. Bg2 Ne5 12. Nge2 h5 13. O-O h4 14. Nf4 hxg3 15. hxg3 Bd7 16. Ne4 f5 17. d6 fxe4 18. dxe7 Bc6 19. Qd6 Nc4 20. Qd1 Kxe7 21. Qe2 Nd6 22. Nh3 Qb5 23. Qe3 Nf5 24. Qg5+ f6 25. Qf4 Rad8 26. Rfd1 Qb6 27. Re1 e3 28. fxe3 Bxg2 29. Kxg2 Qc6+ 30. e4 Nd4 31. c3 e5 32. Qf2 Qe6 33. Ng1 Nb5 34. Rbd1 Rxd1 35. Rxd1 Rd8 36. Qxc5+ Kf7 37. Rxd8 Kg6 38. Qf8 1-0


[Site "https://www.chess.com"]

[Event "Titled Tuesday Blitz March 07 Late 2023"]
[White "Dudzinski, Pawel"]
[Black "Rios Escobar, Adan"]
[WhiteFideId "1117890"]
[BlackFideId "3403645"]
[WhiteElo "2099"]
[BlackElo "2376"]
[Result "1/2-1/2"]
[Round "10"]
[TimeControl "180+2"]
[Date "2023.03.07"]
[WhiteClock "0:00:04"]
[BlackClock "0:00:06"]

1. e4 c5 2. Nc3 d6 3. g3 g6 4. Bg2 Bg7 5. d3 Nc6 6. Be3 e6 7. Qd2 Rb8 8. f4 b5 9. Nf3 b4 10. Nd1 Nf6 11. h3 a5 12. O-O O-O 13. g4 Ba6 14. g5 Nh5 15. Kh2 d5 16. exd5 Nd4 17. Nxd4 cxd4 18. Bf2 e5 19. f5 gxf5 20. h4 Nf4 21. Bg3 Nxd5 22. Rxf5 Bc8 23. Rxe5 Bxe5 24. Bxe5 Rb5 25. Bg3 Re8 26. Nf2 Ne3 27. Be4 Qd7 28. Rg1 Rxe4 29. dxe4 Rc5 30. Rc1 Rxc2 31. Rxc2 Nf1+ 32. Kg2 Nxd2 33. Rxd2 Bb7 34. Be5 d3 35. Kf3 Qe6 36. Nxd3 Ba6 37. Bf6 Qh3+ 38. Ke2 Qg4+ 39. Ke3 Qg3+ 40. Kd4 Qxh4 41. Nc5 Qe1 42. Rc2 Qg1+ 43. Ke5 Qg3+ 44. Kd4 Qg1+ 45. Ke5 Qg3+ 46. Kd4 Qd6+ 47. Ke3 Bc8 48. Nd3 Ba6 49. Rd2 Qc7 50. Kd4 Qd6+ 51. Ke3 Qg3+ 52. Kd4 Qd6+ 53. Ke3 1/2-1/2


[Site "https://www.chess.com"]

[Event "Titled Tuesday Blitz March 07 Late 2023"]
[White "Vovk, Orest"]
[Black "Kovacs, Klara"]
[WhiteFideId "14113490"]
[BlackFideId "733210"]
[WhiteElo "2215"]
[BlackElo "2179"]
[Result "1-0"]
[Round "10"]
[TimeControl "180+2"]
[Date "2023.03.07"]
[WhiteClock "0:00:35"]
[BlackClock "0:00:10"]

1. h4 d5 2. h5 h6 3. e4 dxe4 4. Nc3 Nf6 5. Qe2 Qd4 6. Rh4 Bf5 7. Qb5+ Qd7 8. Qxb7 c6 9. Qxa8 Qc7 10. Ba6 e5 11. Qb7 Qd8 12. Bc4 Nfd7 13. Rxe4 Bxe4 14. Nxe4 f5 15. Ng3 Bc5 16. Nxf5 Rf8 17. Nxg7+ Ke7 18. Nh3 Rf6 19. d4 Bxd4 20. Bxh6 Qa5+ 21. Bd2 Qc5 22. O-O-O Qxc4 23. Bg5 Qxa2 24. Nf5+ Kf7 25. Nxd4 exd4 26. Bxf6 Qa1+ 27. Kd2 Qa5+ 28. b4 Qd5 29. Bg5 Qxg2 30. Re1 Qxh3 31. Re7+ Kg8 32. Qc8+ Nf8 33. Qxh3 1-0


[Site "https://www.chess.com"]